[Event "Titled Tuesday Blitz August 15 Early 2023"]
[White "Ivanov, Alexey"]
[Black "UgarteCesar"]
[WhiteFideId "4167635"]
[WhiteElo "2628"]
[BlackElo "2321"]
[Result "0-1"]
[Round "1"]
[TimeControl "180+1"]
[Date "2023.08.15"]
[WhiteClock "0:00:50"]
[BlackClock "0:00:41"]
[Board "142"]

1. Nf3 d5 2. c4 e6 3. g3 Nf6 4. Bg2 Nbd7 5. O-O dxc4 6. a4 c6 7. Na3 Bxa3 8. bxa3 O-O 9. Qc2 b5 10. Nd4 Qb6 11. Nxc6 Bb7 12. axb5 a6 13. d3 axb5 14. Be3 Qc7 15. Nb4 Bxg2 16. Kxg2 Rfc8 17. Rfc1 Nd5 18. dxc4 Nxe3+ 19. fxe3 bxc4 20. e4 Nf6 21. Rf1 Qe5 22. Ra2 Qxe4+ 23. Qxe4 Nxe4 24. Rc1 c3 25. Nd3 f5 26. a4 Ra5 27. Kf3 Rc4 28. Rca1 c2 29. Nc1 Nc5 30. Rb2 Raxa4 31. Rxa4 Nxa4 32. Rb7 h6 33. Re7 Nc5 34. h4 Kf8 35. Rc7 Rc3+ 36. Kf4 Nd3+ 0-1


[Site "https://www.chess.com"]

[Event "Titled Tuesday Blitz August 15 Early 2023"]
[White "Samaganova, Aleksandra"]
[Black "Goltsev, Dmitry"]
[WhiteFideId "13800221"]
[BlackFideId "24176710"]
[WhiteElo "2320"]
[BlackElo "2627"]
[Result "0-1"]
[Round "1"]
[TimeControl "180+1"]
[Date "2023.08.15"]
[WhiteClock "0:00:06"]
[BlackClock "0:00:21"]
[Board "143"]

1. c4 Nf6 2. Nc3 e5 3. Nf3 Nc6 4. a3 a5 5. e3 Bc5 6. d4 exd4 7. exd4 Ba7 8. d5 Ne7 9. Bd3 O-O 10. O-O Ng6 11. Re1 d6 12. h3 Bd7 13. Be3 Bxe3 14. Rxe3 Nf4 15. Bc2 Re8 16. Qd2 Ng6 17. Rae1 Rxe3 18. Rxe3 Qf8 19. Nd4 Re8 20. Ndb5 Rxe3 21. Qxe3 c6 22. dxc6 bxc6 23. Nd4 Ne5 24. Qe2 Qb8 25. Ne4 Ne8 26. Ng5 h6 27. Ngf3 Kf8 28. Be4 Nf6 29. Nxe5 dxe5 30. Nxc6 Qd6 31. Nxa5 Qd4 32. Bc6 Be6 33. Bb5 e4 34. Nc6 Qd6 35. Nb4 Qf4 36. Qe3 Qe5 37. Qd2 g5 38. Nc6 Qc7 39. Qd4 Kg7 40. a4 Qf4 41. Qe3 Qd6 42. Qd4 Qf4 43. Qe3 Qd6 44. Qc3 Qd1+ 45. Kh2 g4 46. hxg4 Bxg4 47. Ne5 Bf5 48. Qg3+ Kh7 49. Nxf7 Ng4+ 50. Qxg4 Bxg4 51. Bc6 Qc2 52. Nd6 Qxb2 53. Bxe4+ Kg7 54. Nf5+ Bxf5 55. Bxf5 Qe5+ 56. g3 Qxf5 0-1


[Site "https://www.chess.com"]

[Event "Titled Tuesday Blitz August 15 Early 2023"]
[White "Radzhabov, Rodion"]
[Black "Jahnz, Fabian"]
[WhiteFideId "884715"]
[BlackFideId "4653300"]
[WhiteElo "2627"]
[BlackElo "2320"]
[Result "1-0"]
[Round "1"]
[TimeControl "180+1"]
[Date "2023.08.15"]
[WhiteClock "0:00:06"]
[BlackClock "0:00:47"]
[Board "144"]

1. e4 c6 2. Nc3 d5 3. Qe2 dxe4 4. Nxe4 Nf6 5. Nxf6+ gxf6 6. Nf3 Bf5 7. d4 Nd7 8. g3 e6 9. Bg2 Bd6 10. O-O Qc7 11. c4 O-O-O 12. c5 Be7 13. Bf4 Qa5 14. a3 h5 15. b4 Qa4 16. Rfc1 a6 17. Qb2 Be4 18. Nd2 Bxg2 19. Kxg2 h4 20. Nb1 Qb5 21. Rc3 h3+ 22. Kg1 e5 23. a4 exd4 24. axb5 dxc3 25. Nxc3 cxb5 26. Nxb5 Ne5 27. Bxe5 fxe5 28. Qxe5 axb5 29. Qxe7 Kb8 30. Qe5+ Kc8 31. f3 Kd7 32. Qd6+ Ke8 33. Re1# 1-0


[Site "https://www.chess.com"]

[Event "Titled Tuesday Blitz August 15 Early 2023"]
[White "Skaric, Djuro"]
[Black "Kleiman, Jake"]
[WhiteFideId "934569"]
[BlackFideId "2020041"]
[WhiteElo "2315"]
[BlackElo "2625"]
[Result "0-1"]
[Round "1"]
[TimeControl "180+1"]
[Date "2023.08.15"]
[WhiteClock "0:02:07"]
[BlackClock "0:01:38"]
[Board "145"]

1. g3 Nf6 2. Bg2 d5 3. d3 e6 4. Nf3 g6 5. O-O Bg7 6. h3 O-O 7. Nc3 c5 8. e4 Nc6 9. Nd2 Re8 10. f4 b6 11. Kh2 Ba6 12. Rf2 Rc8 13. g4 dxe4 14. Ndxe4 Nxe4 15. Bxe4 f5 16. gxf5 exf5 17. Bd5+ Kh8 18. Bd2 Nd4 19. a4 Qh4 20. Bg2 Qxf2 0-1


[Site "https://www.chess.com"]

[Event "Titled Tuesday Blitz August 15 Early 2023"]
[White "Vlassov, Nikolai"]
[Black "Martinez, Shawn"]
[WhiteFideId "4103360"]
[BlackFideId "2039770"]
[WhiteElo "2623"]
[BlackElo "2314"]
[Result "0-1"]
[Round "1"]
[TimeControl "180+1"]
[Date "2023.08.15"]
[WhiteClock "0:00:00"]
[BlackClock "0:00:17"]
[Board "146"]

1. e4 c5 2. c3 Nf6 3. e5 Nd5 4. d4 cxd4 5. cxd4 d6 6. Bc4 e6 7. Nf3 Be7 8. O-O O-O 9. Qe2 Bd7 10. Rd1 Bc6 11. Nbd2 Nd7 12. Ne4 dxe5 13. dxe5 Qc7 14. Ng3 Rac8 15. Bd3 Rfd8 16. h4 Nf8 17. Ne4 Ng6 18. Neg5 h6 19. Nxe6 fxe6 20. Bxg6 Nb4 21. Bd2 Bf8 22. Bxb4 Bxb4 23. Rxd8+ Rxd8 24. Rd1 Rxd1+ 25. Qxd1 Bd5 26. a3 Be7 27. Qe2 Qc1+ 28. Kh2 Qf4+ 29. Kg1 Qc1+ 30. Ne1 Bxh4 31. Bc2 Bg5 32. g3 Bd2 33. Kf1 Bxe1 34. Qd1 Qxd1 35. Bxd1 Bd2 36. Ke2 Bc1 37. f4 Bxb2 38. a4 Bc1 39. Kd3 g5 40. fxg5 hxg5 41. Bg4 Kf7 42. Bh5+ Ke7 43. Kd4 Ba3 44. g4 b6 45. a5 Bc5+ 46. Kc3 bxa5 47. Bg6 a4 0-1


[Site "https://www.chess.com"]

[Event "Titled Tuesday Blitz August 15 Early 2023"]
[White "Akylbek2021"]
[Black "Belov, Alexei"]
[BlackFideId "4128206"]
[WhiteElo "2313"]
[BlackElo "2621"]
[Result "1-0"]
[Round "1"]
[TimeControl "180+1"]
[Date "2023.08.15"]
[WhiteClock "0:00:43"]
[BlackClock "0:00:01"]
[Board "147"]

1. d4 d5 2. Bf4 e6 3. Nc3 Bd6 4. e3 Bxf4 5. exf4 Ne7 6. Bd3 c5 7. dxc5 Qa5 8. Nf3 Qxc5 9. O-O Nbc6 10. a3 h6 11. Ne2 O-O 12. b4 Qd6 13. c4 b6 14. Rc1 Bb7 15. c5 bxc5 16. Rxc5 a5 17. Qb1 axb4 18. axb4 Rfb8 19. Rfc1 Ra3 20. b5 Na5 21. Qb4 Rxd3 22. Qxa5 d4 23. Ne5 Rb3 24. Qd2 f6 25. Nxd4 Ra3 26. Nec6 Rba8 27. Nb3 Qxd2 28. Nxe7+ Kf7 29. Nxd2 Kxe7 30. Rc7+ Kd6 31. Rxb7 Ra1 32. Rxa1 Rxa1+ 33. Nf1 g5 34. fxg5 hxg5 35. g3 Rb1 36. Kg2 g4 37. Ne3 f5 38. Nc4+ Kc5 39. Ne5 Kd5 40. Ng6 e5 41. Re7 e4 42. Re5+ Kd4 43. Rxf5 e3 44. fxe3+ Kxe3 45. Ne5 Rb2+ 46. Kg1 Rb1+ 47. Rf1 Rxb5 48. Nxg4+ Ke2 49. Rf2+ Ke1 50. Kg2 Rd5 51. h4 Rd4 52. Nh2 Rd5 53. Nf3+ Kd1 54. Rd2+ Rxd2+ 55. Nxd2 Kxd2 56. h5 1-0


[Site "https://www.chess.com"]

[Event "Titled Tuesday Blitz August 15 Early 2023"]
[White "Omorjan, Dejan"]
[Black "Shapiro, Daniel"]
[WhiteFideId "955345"]
[BlackFideId "2001780"]
[WhiteElo "2621"]
[BlackElo "2311"]
[Result "1-0"]
[Round "1"]
[TimeControl "180+1"]
[Date "2023.08.15"]
[WhiteClock "0:00:10"]
[BlackClock "0:00:00"]
[Board "148"]

1. d4 Nf6 2. Nf3 b6 3. e3 Bb7 4. Bd3 e6 5. O-O d6 6. Nbd2 Nbd7 7. e4 e5 8. c3 g6 9. Qe2 Bg7 10. Re1 O-O 11. dxe5 dxe5 12. Bc2 Re8 13. Nf1 a5 14. Ng3 Nc5 15. Rd1 Qe7 16. Bg5 h6 17. Bxf6 Bxf6 18. h3 Ne6 19. Qe3 Bg7 20. Bb3 Nf4 21. Ne2 Nxe2+ 22. Qxe2 a4 23. Bc4 a3 24. b4 h5 25. Rd3 Bh6 26. Rad1 Bc8 27. Bb5 Rf8 28. Bc6 Ra7 29. b5 f6 30. Bd5+ Be6 31. Qc2 Kg7 32. Qb3 Bc8 33. Bc6 Qc5 34. Nh2 Qe7 35. Rd7 Bxd7 36. Rxd7 Rf7 37. Rxe7 Rxe7 38. Qd5 Ra4 39. Nf1 Bg5 40. g3 Ra7 41. h4 Bh6 42. Qd8 Rf7 43. Bd5 Rf8 44. Qe7+ Kh8 45. Ne3 Bg7 46. Kg2 Ra5 47. Bc6 Ra4 48. Qxc7 Ra5 49. Qxb6 Ra4 50. Qc5 Ra5 51. Nd5 Kh7 52. Nb4 Rd8 53. Qe7 Rd2 54. Be8 Ra8 55. Qf7 Rxe8 56. Qxe8 Bh6 57. Qf7+ Bg7 58. b6 Rd8 59. b7 Rb8 60. Qc7 Rf8 61. b8=Q Rxb8 62. Qxb8 Bh6 63. Qc7+ Bg7 64. Nd5 Kg8 65. Qe7 Kh7 66. Nxf6+ Kh6 67. Nd5 g5 68. Qxg5+ Kh7 69. Qxh5+ Kg8 70. Qg6 Kf8 71. h5 1-0


[Site "https://www.chess.com"]

[Event "Titled Tuesday Blitz August 15 Early 2023"]
[White "Saucey, Michel"]
[Black "Sydoryka, Vladyslav"]
[WhiteFideId "601845"]
[BlackFideId "14145928"]
[WhiteElo "2309"]
[BlackElo "2619"]
[Result "0-1"]
[Round "1"]
[TimeControl "180+1"]
[Date "2023.08.15"]
[WhiteClock "0:00:53"]
[BlackClock "0:01:51"]
[Board "149"]

1. d4 Nf6 2. Nf3 d5 3. c4 e6 4. Nc3 Bb4 5. cxd5 exd5 6. Bg5 h6 7. Bh4 Nbd7 8. e3 g5 9. Bg3 Ne4 10. Qc2 h5 11. h3 Nxg3 12. fxg3 Qe7 13. Kf2 c6 14. Bd3 Bd6 15. e4 dxe4 16. Nxe4 h4 17. Rhe1 Kd8 18. Nfxg5 Bxg3+ 19. Nxg3 hxg3+ 20. Kg1 Qxg5 21. Re4 Nf6 22. Re5 Qf4 23. Qc5 Qf2+ 24. Kh1 Rxh3+ 0-1


[Site "https://www.chess.com"]

[Event "Titled Tuesday Blitz August 15 Early 2023"]
[White "Bodnaruk, Anastasia"]
[Black "Pumpkin_in_moonlight"]
[WhiteFideId "4181751"]
[WhiteElo "2619"]
[BlackElo "2309"]
[Result "1-0"]
[Round "1"]
[TimeControl "180+1"]
[Date "2023.08.15"]
[WhiteClock "0:01:19"]
[BlackClock "0:00:07"]
[Board "150"]

1. e4 e5 2. Nf3 Nc6 3. Bb5 a6 4. Ba4 Nf6 5. O-O Be7 6. Re1 b5 7. Bb3 d6 8. c3 O-O 9. h3 Nb8 10. d4 Nbd7 11. Nbd2 Bb7 12. Bc2 Re8 13. Nf1 Bf8 14. Ng3 g6 15. Bg5 h6 16. Bd2 Bg7 17. a4 c6 18. b4 Nb6 19. a5 Nc4 20. Bb3 Nxd2 21. Qxd2 Qe7 22. Nh4 Rad8 23. Nxg6 Qc7 24. Nh4 c5 25. Nhf5 c4 26. Bc2 Kh7 27. Nxg7 Kxg7 28. Nf5+ 1-0


[Site "https://www.chess.com"]

[Event "Titled Tuesday Blitz August 15 Early 2023"]
[White "Blokhin, Sofia"]
[Black "Colas, Joshua"]
[WhiteFideId "4508190"]
[BlackFideId "2044447"]
[WhiteElo "2304"]
[BlackElo "2611"]
[Result "0-1"]
[Round "1"]
[TimeControl "180+1"]
[Date "2023.08.15"]
[WhiteClock "0:01:02"]
[BlackClock "0:01:22"]
[Board "151"]

1. d4 Nf6 2. c4 e6 3. Nc3 Bb4 4. f3 d5 5. a3 Bxc3+ 6. bxc3 c5 7. e3 O-O 8. cxd5 Nxd5 9. dxc5 Qa5 10. Bd2 Qxc5 11. Qe2 b6 12. c4 Ba6 13. e4 Ne7 14. Bb4 Qe5 15. Rc1 Nbc6 16. Bc3 Qc5 17. a4 Ng6 18. Nh3 Na5 19. Qb2 Qe3+ 20. Be2 Nxc4 21. Qa1 Nd2 22. Ng1 Nb3 0-1


[Site "https://www.chess.com"]

[Event "Titled Tuesday Blitz August 15 Early 2023"]
[White "Komov, Roman"]
[Black "Afanasieva, Alexandra"]
[WhiteFideId "24175714"]
[BlackFideId "34126926"]
[WhiteElo "2610"]
[BlackElo "2303"]
[Result "1-0"]
[Round "1"]
[TimeControl "180+1"]
[Date "2023.08.15"]
[WhiteClock "0:00:43"]
[BlackClock "0:00:00"]
[Board "152"]

1. e4 c5 2. Nf3 Nc6 3. Bb5 g6 4. Bxc6 dxc6 5. d3 Bg7 6. h3 e5 7. Be3 b6 8. a4 a5 9. O-O Ne7 10. Nfd2 O-O 11. Na3 Be6 12. Ndc4 Qc7 13. Qc1 f5 14. exf5 Nxf5 15. Re1 Rab8 16. Nb1 Rbe8 17. Nc3 Bd5 18. Ne4 Bxe4 19. dxe4 Nd4 20. Ra3 b5 21. Nd2 Qf7 22. axb5 cxb5 23. Rxa5 Ra8 24. Rxa8 Rxa8 25. c3 Ne6 26. Qc2 Qd7 27. Rd1 Rd8 28. Ra1 Nf4 29. Nf1 Qd3 30. Qb3+ Kh8 31. Bxc5 Qxe4 32. f3 Qe2 33. Bf2 Bf6 34. Re1 1-0


[Site "https://www.chess.com"]

[Event "Titled Tuesday Blitz August 15 Early 2023"]
[White "Kiselev, Pavel"]
[Black "Budrewicz, Krzysztof"]
[WhiteFideId "4191102"]
[BlackFideId "1127950"]
[WhiteElo "2302"]
[BlackElo "2605"]
[Result "0-1"]
[Round "1"]
[TimeControl "180+1"]
[Date "2023.08.15"]
[WhiteClock "0:01:24"]
[BlackClock "0:00:47"]
[Board "153"]

1. Nf3 Nf6 2. c4 c5 3. d4 g6 4. d5 Bg7 5. g3 O-O 6. Bg2 d6 7. Nc3 Bf5 8. O-O Ne4 9. Nxe4 Bxe4 10. Nd2 Bxg2 11. Kxg2 Nd7 12. e4 a6 13. Qe2 Rb8 14. f4 b5 15. Nb3 bxc4 16. Qxc4 Rb4 17. Qe2 Qb6 18. Bd2 Rb5 19. Bc3 Rb8 20. Rac1 a5 21. Nd2 Bxc3 22. bxc3 Rb2 23. Rf2 a4 24. Ra1 Qc7 25. Qc4 Nb6 26. Qe2 c4 27. Qe3 a3 28. Qd4 Rc8 29. e5 Qc5 30. Qxc5 Rxc5 31. exd6 exd6 32. Ne4 Rxd5 33. Nf6+ Kg7 34. Nxd5 Nxd5 35. Rxb2 axb2 36. Rb1 Nxc3 37. Rxb2 d5 38. Kf3 h5 39. Rd2 Kf6 40. Rc2 Nb5 41. a4 Nd4+ 42. Kf2 Nxc2 43. a5 Nb4 44. a6 Nxa6 0-1


[Site "https://www.chess.com"]

[Event "Titled Tuesday Blitz August 15 Early 2023"]
[White "Bilan, Danila"]
[Black "rionelG"]
[WhiteFideId "24161918"]
[WhiteElo "2604"]
[BlackElo "2301"]
[Result "1-0"]
[Round "1"]
[TimeControl "180+1"]
[Date "2023.08.15"]
[WhiteClock "0:00:23"]
[BlackClock "0:00:37"]
[Board "154"]

1. d4 Nf6 2. Nf3 g6 3. Bg5 Bg7 4. c3 O-O 5. Nbd2 d6 6. e4 h6 7. Bh4 g5 8. Bg3 Nh5 9. Bc4 Nxg3 10. hxg3 c5 11. dxc5 dxc5 12. Nxg5 Qd6 13. Qh5 e6 14. O-O-O Nc6 15. f4 Rb8 16. e5 Qe7 17. Nde4 Re8 18. Nf6+ Bxf6 19. exf6 Qxf6 20. Ne4 Qg7 21. Rh4 e5 22. f5 Qg5+ 23. Nxg5 hxg5 24. Qh8# 1-0


[Site "https://www.chess.com"]

[Event "Titled Tuesday Blitz August 15 Early 2023"]
[White "Wang, Alexander J"]
[Black "HamedWafa4"]
[WhiteFideId "30955270"]
[WhiteElo "2297"]
[BlackElo "2604"]
[Result "0-1"]
[Round "1"]
[TimeControl "180+1"]
[Date "2023.08.15"]
[WhiteClock "0:00:04"]
[BlackClock "0:00:18"]
[Board "155"]

1. e4 e5 2. Nf3 Nc6 3. Bb5 a6 4. Ba4 Nf6 5. d4 Nxe4 6. Qe2 b5 7. Qxe4 d5 8. Qe2 bxa4 9. dxe5 Be7 10. O-O O-O 11. h3 Be6 12. c3 h6 13. Be3 Rb8 14. Bd4 Nxd4 15. cxd4 c5 16. Nc3 cxd4 17. Nxd4 a3 18. b3 Qb6 19. Rfd1 Rbc8 20. Na4 Qa5 21. Rac1 Bg5 22. Rxc8 Rxc8 23. Nxe6 fxe6 24. Qg4 Re8 25. f4 Bd8 26. f5 exf5 27. Qxf5 Bb6+ 28. Nxb6 Qxb6+ 29. Kh1 d4 30. Qe4 Rd8 31. e6 Qc5 32. e7 Re8 33. Qe6+ Kh8 34. Re1 d3 35. Qf7 Qc6 36. Qf8+ Kh7 37. Qf5+ Qg6 38. Qd7 Kg8 39. Rd1 Qf7 40. Rxd3 Rxe7 41. Qd8+ Kh7 42. Qd6 Re6 43. Qg3 Rg6 44. Qe3 Qf1+ 45. Qg1 Qxd3 0-1


[Site "https://www.chess.com"]

[Event "Titled Tuesday Blitz August 15 Early 2023"]
[White "Papayan, Oleg"]
[Black "Wimalasuriya, Kasun M."]
[WhiteFideId "4193911"]
[BlackFideId "9906789"]
[WhiteElo "2604"]
[BlackElo "2297"]
[Result "1-0"]
[Round "1"]
[TimeControl "180+1"]
[Date "2023.08.15"]
[WhiteClock "0:00:15"]
[BlackClock "0:00:05"]
[Board "156"]

1. e4 c5 2. d4 cxd4 3. Qxd4 Nc6 4. Qd3 Nf6 5. Nc3 d6 6. Nf3 g6 7. Be2 Bg7 8. O-O O-O 9. Nd5 Nxd5 10. exd5 Ne5 11. Nxe5 Bxe5 12. c3 Bf5 13. Qd1 Rc8 14. a4 a6 15. Qb3 Qc7 16. a5 Bg7 17. Be3 e5 18. dxe6 Bxe6 19. Qb6 Qxb6 20. Bxb6 Rfe8 21. Bf3 d5 22. Rfd1 Bf6 23. Kf1 Bd8 24. Bxd5 Bxd5 25. Rxd5 Bxb6 26. axb6 Re6 27. Re1 Rxb6 28. Re2 Rcc6 29. Ke1 Re6 30. Rxe6 Rxe6+ 31. Kd2 Rb6 32. b4 Kg7 33. Rd7 Kf6 34. Kd3 Ke6 35. Rc7 Rd6+ 36. Kc4 Rd7 37. Rc8 Kd6 38. Rh8 h5 39. f4 Ke6 40. Kc5 Kf5 41. g3 Kg4 42. c4 Kh3 43. f5 Kxh2 44. fxg6 fxg6 45. g4 h4 46. Rxh4+ Kg3 47. Rh6 g5 48. Kb6 Kxg4 49. c5 Kg3 50. Rd6 Rf7 51. Rd3+ Kh4 52. Rd8 g4 53. Rh8+ Kg3 54. Rb8 Kf2 55. Rxb7 Rxb7+ 56. Kxb7 g3 57. c6 g2 58. c7 g1=Q 59. c8=Q Qb1 60. Qc5+ Ke2 61. Kxa6 Kd3 62. Qf5+ 1-0


[Site "https://www.chess.com"]

[Event "Titled Tuesday Blitz August 15 Early 2023"]
[White "Dilmukhametov, Artur"]
[Black "Zavgorodniy, Sergiy"]
[WhiteFideId "24179922"]
[BlackFideId "14110148"]
[WhiteElo "2296"]
[BlackElo "2604"]
[Result "1/2-1/2"]
[Round "1"]
[TimeControl "180+1"]
[Date "2023.08.15"]
[WhiteClock "0:02:41"]
[BlackClock "0:02:38"]
[Board "157"]

1. e4 c6 2. d4 d5 3. e5 Bf5 4. h4 h5 5. Bd3 Bxd3 6. Qxd3 e6 7. Bg5 Be7 8. Nf3 Nd7 9. Nbd2 Bxg5 10. Nxg5 Ne7 11. c4 Nf5 1/2-1/2


[Site "https://www.chess.com"]

[Event "Titled Tuesday Blitz August 15 Early 2023"]
[White "Golubev, Mikhail"]
[Black "Konenkin, Dmitry"]
[WhiteFideId "14100983"]
[BlackFideId "4185781"]
[WhiteElo "2602"]
[BlackElo "2294"]
[Result "1-0"]
[Round "1"]
[TimeControl "180+1"]
[Date "2023.08.15"]
[WhiteClock "0:00:06"]
[BlackClock "0:00:28"]
[Board "158"]

1. e4 d6 2. d4 Nf6 3. Nc3 e5 4. Nf3 Nbd7 5. Bc4 Be7 6. a4 c6 7. O-O Qc7 8. Re1 h6 9. h3 Nf8 10. Nh4 Be6 11. d5 cxd5 12. Bb5+ Bd7 13. exd5 a6 14. Bxd7+ Qxd7 15. f4 exf4 16. Bxf4 g5 17. Bxd6 Qxd6 18. Nf5 Qc5+ 19. Kh1 Ng6 20. Nxe7 Nxe7 21. d6 O-O-O 22. Rxe7 Qxd6 23. Qxd6 Rxd6 24. Rxf7 Re8 25. Rf1 Nh5 26. Rf8 Kd8 27. Rxe8+ Kxe8 28. Re1+ Kf7 29. Kg1 Nf4 30. Rd1 Ne2+ 31. Kf1 Rxd1+ 32. Nxd1 Nd4 33. Ne3 Kf6 34. Ke1 Ke5 35. Ng4+ Kf4 36. Nxh6 Nxc2+ 37. Kf2 Nb4 38. g3+ Ke5 39. Ng4+ Ke4 40. Nf6+ Kd3 41. Nh7 Kc2 42. Nxg5 Nd3+ 43. Kf3 Nxb2 44. h4 Nxa4 45. h5 Nc5 46. h6 Nd7 47. h7 Ne5+ 48. Ke4 Ng6 49. Kf5 Nh8 50. Kf6 a5 51. Nf7 a4 52. Nxh8 a3 53. Ng6 a2 54. h8=Q a1=Q+ 55. Kg5 Qxh8 56. Nxh8 b5 57. Nf7 b4 58. Nd6 Kd3 59. Nb5 b3 60. Na3 Kc3 61. g4 Kb2 62. Nb5 Kc1 63. Kh6 b2 64. Na3 Kd2 65. g5 Kc3 66. g6 Kb3 67. Nb1 Kc2 68. g7 Kxb1 69. g8=Q Ka1 70. Qa8+ Kb1 71. Qb7 Kc2 72. Qc6+ Kd2 73. Qb5 Kc1 74. Qc4+ Kd2 75. Qb4+ Kc2 76. Qc4+ Kd2 77. Qb3 Kc1 78. Qc3+ Kb1 79. Kg5 Ka2 80. Qa5+ Kb1 81. Qb5 Kc2 82. Qc4+ Kb1 83. Kf4 Ka1 84. Qa4+ Kb1 85. Ke3 Kc1 86. Qc4+ Kb1 87. Qd3+ Ka1 88. Qa3+ Kb1 89. Kd3 Kc1 90. Kc3 Kd1 91. Qxb2 Ke1 92. Qd2+ Kf1 93. Kd3 Kg1 94. Ke3 Kh1 95. Kf3 1-0


[Site "https://www.chess.com"]

[Event "Titled Tuesday Blitz August 15 Early 2023"]
[White "Rodriguez Santiago, Jaime"]
[Black "Sadykov, Ramil"]
[WhiteFideId "3100898"]
[BlackFideId "24113590"]
[WhiteElo "2294"]
[BlackElo "2602"]
[Result "0-1"]
[Round "1"]
[TimeControl "180+1"]
[Date "2023.08.15"]
[WhiteClock "0:00:08"]
[BlackClock "0:00:20"]
[Board "159"]

1. d4 Nf6 2. c4 e6 3. Nc3 Bb4 4. e3 O-O 5. Ne2 d5 6. a3 Be7 7. cxd5 exd5 8. Nf4 Re8 9. Be2 a5 10. O-O c6 11. Rb1 Bf5 12. Bd3 Bxd3 13. Qxd3 a4 14. f3 Qa5 15. Bd2 Qa6 16. Qc2 Nbd7 17. e4 Nb6 18. e5 Nfd7 19. e6 fxe6 20. Nxe6 Bd6 21. Ng5 Nf6 22. Rbe1 Nc4 23. Bc1 b5 24. Qf5 Qa7 25. Re6 Qxd4+ 26. Kh1 Qh4 27. f4 Qh5 28. g4 Qg6 29. Qxg6 hxg6 30. f5 Rxe6 31. fxe6 Nxg4 32. h3 Nf6 33. Nf7 Re8 34. Nxd6 Nxd6 35. Re1 Nde4 36. Nxe4 Nxe4 0-1


[Site "https://www.chess.com"]

[Event "Titled Tuesday Blitz August 15 Early 2023"]
[White "Mendez Fortes, Eduardo Jesus"]
[Black "Levitan, Caleb Levi"]
[WhiteFideId "3502376"]
[BlackFideId "14332620"]
[WhiteElo "2600"]
[BlackElo "2294"]
[Result "1-0"]
[Round "1"]
[TimeControl "180+1"]
[Date "2023.08.15"]
[WhiteClock "0:00:40"]
[BlackClock "0:00:02"]
[Board "160"]

1. e4 e5 2. Nf3 Nc6 3. Bc4 Bc5 4. O-O Nf6 5. Re1 O-O 6. c3 d6 7. a4 a5 8. h3 Bb6 9. d4 h6 10. Be3 Nxe4 11. d5 Bxe3 12. Rxe3 Nxf2 13. Kxf2 Ne7 14. Nbd2 f5 15. Nxe5 f4 16. Re1 Nf5 17. Nef3 Ne3 18. Qe2 Re8 19. Kg1 Bd7 20. Nf1 Nf5 21. Qf2 Qf6 22. Bd3 Rxe1 23. Rxe1 Bxa4 24. N1d2 Bd7 25. Ne4 Qf7 26. Nd4 Ne3 27. Ne2 Nxd5 28. Bc4 b5 29. Bxd5 Qxd5 30. Nxf4 Qf7 31. Qg3 Rf8 32. Rf1 Qc4 33. Re1 Bc6 34. Nh5 Qf7 35. Qg4 Bxe4 36. Rxe4 g6 37. Re6 Kh7 38. Qe2 gxh5 39. Re7 Kg7 40. Rxf7+ Rxf7 41. Qxb5 c5 42. Qxa5 Kg6 43. Qb6 Rf6 44. Qc6 h4 45. b4 cxb4 46. cxb4 Kg5 47. b5 Rf4 48. Qd5+ Rf5 49. Qxf5+ Kxf5 50. b6 d5 51. b7 d4 52. b8=Q Ke4 53. Qd6 d3 54. Qxh6 Kd4 55. Qxh4+ Kc3 56. Qe1+ Kc2 57. g4 d2 58. Qxd2+ 1-0


[Site "https://www.chess.com"]

[Event "Titled Tuesday Blitz August 15 Early 2023"]
[White "Goswami, Vedant"]
[Black "Lana Rodriguez, David"]
[WhiteFideId "5003725"]
[BlackFideId "2270803"]
[WhiteElo "2293"]
[BlackElo "2599"]
[Result "1-0"]
[Round "1"]
[TimeControl "180+1"]
[Date "2023.08.15"]
[WhiteClock "0:00:16"]
[BlackClock "0:00:12"]
[Board "161"]

1. e4 c5 2. Nf3 Nc6 3. c3 d5 4. exd5 Qxd5 5. d4 Bg4 6. Be2 e6 7. O-O Nf6 8. Be3 cxd4 9. cxd4 Bd6 10. Nc3 Qh5 11. h3 Bxh3 12. gxh3 Qxh3 13. Re1 Qg4+ 14. Kh1 Qh3+ 15. Kg1 Ng4 16. Bf1 Bh2+ 17. Kh1 Qh5 18. Kg2 Bc7 19. Kg1 O-O-O 20. Bg2 e5 21. d5 e4 22. Nd4 Nce5 23. Ndb5 Qh2+ 24. Kf1 Rd7 25. d6 Bb6 26. Bxb6 Qh5 27. Rxe4 Nh2+ 28. Kg1 Nhf3+ 29. Kf1 Nh2+ 30. Kg1 Nhf3+ 31. Bxf3 Nxf3+ 32. Kf1 axb6 33. Qd5 Qh1+ 34. Ke2 Qxa1 35. Kxf3 Qxb2 36. Rc4+ Kb8 37. Rc7 Rxc7 38. dxc7+ Ka8 39. Qd8+ 1-0


[Site "https://www.chess.com"]

[Event "Titled Tuesday Blitz August 15 Early 2023"]
[White "SmirnovAlexandrA"]
[Black "Ai, Evan"]
[BlackFideId "2094770"]
[WhiteElo "2599"]
[BlackElo "2292"]
[Result "1-0"]
[Round "1"]
[TimeControl "180+1"]
[Date "2023.08.15"]
[WhiteClock "0:01:49"]
[BlackClock "0:00:15"]
[Board "162"]

1. e4 e5 2. d4 exd4 3. Qxd4 Nc6 4. Qe3 d6 5. Nc3 Nf6 6. Bd2 Be6 7. f4 Ng4 8. Qg3 Be7 9. Nf3 Nd4 10. O-O-O Nxf3 11. Qxf3 O-O 12. h3 Nf6 13. g4 a6 14. g5 Ne8 15. f5 Bd7 16. f6 gxf6 17. gxf6 Nxf6 18. Bh6 Kh8 19. e5 dxe5 20. Bxf8 Qxf8 21. Bd3 Qh6+ 22. Kb1 b5 23. Qxa8+ 1-0


[Site "https://www.chess.com"]

[Event "Titled Tuesday Blitz August 15 Early 2023"]
[White "Efremov, Vladislav"]
[Black "NovoselovRoman"]
[WhiteFideId "44159935"]
[WhiteElo "2292"]
[BlackElo "2598"]
[Result "0-1"]
[Round "1"]
[TimeControl "180+1"]
[Date "2023.08.15"]
[WhiteClock "0:01:42"]
[BlackClock "0:01:59"]
[Board "163"]

1. d4 d5 2. c4 e6 3. Nf3 Nf6 4. Nc3 a6 5. e3 dxc4 6. Bxc4 b5 7. Be2 Bb7 8. O-O Nbd7 9. Bd2 c5 10. dxc5 Bxc5 11. Rc1 O-O 12. a3 Qe7 13. Qb3 Rfd8 14. Rfd1 Rac8 15. h3 Nb6 16. a4 b4 17. Nb1 Bd5 18. Qd3 Bxf3 19. Qxd8+ Rxd8 20. Bxf3 Nxa4 21. Bxb4 Bxb4 22. Rxd8+ Qxd8 23. Rc4 a5 0-1


[Site "https://www.chess.com"]

[Event "Titled Tuesday Blitz August 15 Early 2023"]
[White "Kalashian, David"]
[Black "LLariMarc"]
[WhiteFideId "13302418"]
[WhiteElo "2597"]
[BlackElo "2288"]
[Result "1-0"]
[Round "1"]
[TimeControl "180+1"]
[Date "2023.08.15"]
[WhiteClock "0:01:44"]
[BlackClock "0:02:01"]
[Board "164"]

1. d4 e6 2. c4 b6 3. Nc3 Bb7 4. a3 Nc6 5. d5 exd5 6. cxd5 Ne5 7. e4 d6 8. f4 Nd7 9. Nf3 Ngf6 10. e5 dxe5 11. fxe5 Ng8 12. Bc4 g6 13. O-O Bg7 14. e6 fxe6 15. dxe6 Ndf6 16. Qe2 Ne7 17. Ng5 O-O 18. Nf7 Qe8 19. Bg5 Ned5 20. Nxd5 Nxd5 21. Rad1 c6 22. Nd6 Qb8 23. Rxf8+ Bxf8 24. Nxb7 Qxb7 25. e7 Bxe7 26. Bxe7 Re8 27. Qe6+ Kg7 28. Qe5+ Kg8 29. Rxd5 Rxe7 30. Rd8# 1-0


[Site "https://www.chess.com"]

[Event "Titled Tuesday Blitz August 15 Early 2023"]
[White "Huynh, Lam Binh Nguyen"]
[Black "Jia, Haoxiang"]
[WhiteFideId "12401633"]
[BlackFideId "8602999"]
[WhiteElo "2287"]
[BlackElo "2593"]
[Result "0-1"]
[Round "1"]
[TimeControl "180+1"]
[Date "2023.08.15"]
[WhiteClock "0:00:23"]
[BlackClock "0:00:16"]
[Board "165"]

1. d4 Nf6 2. Bf4 g6 3. Nc3 Bg7 4. e4 d6 5. Qd2 c6 6. Bh6 Bxh6 7. Qxh6 b5 8. Bd3 Nbd7 9. Nf3 Qa5 10. O-O Bb7 11. e5 dxe5 12. dxe5 Ng4 13. Qg7 Rf8 14. h3 b4 15. hxg4 bxc3 16. b4 Qd5 17. e6 Qxe6 18. Qxc3 Qxg4 19. Rad1 f6 20. Rfe1 e5 21. Nh2 Qe6 22. Bc4 Qe7 23. Qe3 Nb6 24. Be2 Nd5 25. Qh3 Rd8 26. a3 Nf4 27. Qf3 Kf7 28. Bc4+ Nd5 29. Ng4 Kg7 30. Qh3 h5 31. Nh2 Nf4 32. Qb3 Rxd1 33. Rxd1 Rd8 34. Re1 c5 35. f3 cxb4 36. axb4 Qd6 37. Nf1 Qd4+ 38. Ne3 Qb6 39. Kh2 Rd2 40. Bf1 Qc7 41. c4 e4 42. Kg1 exf3 43. Nd5 f2+ 44. Kh1 fxe1=Q 45. Nxc7 Qxf1+ 46. Kh2 Qxg2# 0-1


[Site "https://www.chess.com"]